[Event "Team 45 45 League T27"]
[Site "Internet Chess Club"]
[Date "2005.07.04"]
[Round "3"]
[White "tarheels"]
[Black "rss"]
[Result "1/2-1/2"]
[WhiteElo "1745"]
[BlackElo "1815"]
[TimeControl "2700+45"]

1. e4 e6 2. d4 d5 3. e5 c5 4. c3 Nc6 5. Nf3 Qb6 6. a3 c4 7. Nbd2 Na5 8. Be2 Bd7
9. O-O Ne7 10. Re1 a6 11. Rb1 Nb3 12. Nxb3 Ba4 13. Nfd2 Bxb3 14. Nxb3 cxb3 15.
Bg5 a5 16. Bxe7 Bxe7 17. a4 O-O 18. Qd3 Rac8 19. Bd1 g6 20. Qb5 Rc6 21. Qxb3
Qxb3 22. Bxb3 Rfc8 23. Bc2 Ra8 24. Bd3 Rac8 25. Bb5 R6c7 26. Kf1 Kf8 27. Ke2 h5
28. g3 Bg5 29. f4 Bh6 30. h4 Ke7 31. Kd2 Bg7 32. Rec1 Kd8 33. b4 axb4 34. cxb4
Bf8 35. Rxc7 Rxc7 36. Be2 Be7 37. b5 b6 38. Rc1 Bb4+ 39. Kd1 Rxc1+ 40. Kxc1 Be1
41. g4 hxg4 42. Bxg4 Bxh4 43. Kd2 Bg3 44. Ke3 Be1 45. Be2 Bb4 46. Bd3 Ke7 {Game
drawn by mutual agreement} 1/2-1/2

[Event "Team 45 45 League T27"]
[Site "Internet Chess Club"]
[Date "2005.06.30"]
[Round "3"]
[White "bobhill"]
[Black "icouldgivea"]
[Result "0-1"]
[WhiteElo "1991"]
[BlackElo "2053"]
[TimeControl "2700+45"]

1. d4 d5 2. Nf3 Nf6 3. Bg5 e6 4. e3 c5 5. c3 Nc6 6. Bd3 c4 7. Bc2 b5 8. Ne5 Qb6
9. Nxc6 Qxc6 10. Nd2 a5 11. Bxf6 gxf6 12. e4 Bb7 13. exd5 Qxd5 14. Be4 Qd7 15.
Qf3 O-O-O 16. Qxf6 Bxe4 17. Qxh8 Bh6 18. Qe5 Bxg2 19. Rg1 Bh3 20. O-O-O Bf5 21.
f4 Qc6 22. Rde1 Bg6 23. Rg3 Rd5 24. Qe3 b4 25. Rf1 Bd3 26. Rg8+ Kc7 27. Rf2 Qa4
28. Nxc4 Bxc4 29. b3 Bxb3 30. axb3 Qxb3 31. Rc2 Kd7 32. Qf3 a4 33. Ra8 Ke7 34.
Ra7+ Kf6 35. Qg3 Qa3+ 36. Kd1 Rh5 37. d5 b3 38. Rd2 b2 39. Rb7 Qa1+ 40. Ke2 b1=Q
41. Rxb1 Qxb1 42. Kf3 Bxf4 43. Kxf4 Qf5+ 44. Ke3 Rh3 45. Rf2 Rxg3+ 46. hxg3
Qxf2+ 47. Kxf2 exd5 48. Ke3 Ke5 49. Kd3 a3 50. Kc2 Ke4 51. Kb3 Kd3 52. g4 a2 53.
Kxa2 Kxc3 54. Kb1 Kd2 55. g5 d4 56. Kb2 d3 57. Kb3 Ke3 58. Kc3 d2 59. Kc2 Ke2
{White resigns} 0-1

[Event "Team 45 45 League T27"]
[Site "Internet Chess Club"]
[Date "2005.07.08"]
[Round "3"]
[White "DTK"]
[Black "LeifEricson"]
[Result "0-1"]
[WhiteElo "1929"]
[BlackElo "1881"]
[TimeControl "2700+45"]

1. e4 a6 2. d4 b5 3. Nf3 Bb7 4. Bd3 d6 5. O-O Nd7 6. c3 Nb6 7. Re1 g6 8. Nbd2
Bg7 9. Nf1 Nf6 10. Ng3 Nfd7 11. Bg5 h6 12. Be3 c5 13. d5 Qc7 14. Rc1 c4 15. Bc2
b4 16. Nd4 bxc3 17. bxc3 Nc5 18. Rb1 Nbd7 19. Qe2 Ne5 20. f4 Ned3 21. Rf1 Rb8
22. f5 g5 23. Nh5 Bf6 24. Nxf6+ exf6 25. Nc6 Bxc6 26. Rxb8+ Qxb8 27. dxc6 Ne5
28. Rb1 Qc8 29. Bxc5 dxc5 30. Ba4 O-O 31. Rb6 Rd8 32. c7 Qxc7 33. Rxf6 Kg7 34.
Rxa6 Qb7 35. Ra5 Qb1+ 36. Kf2 Qc1 37. Qe1 Nd3+ {White resigns} 0-1

[Event "Team 45 45 League T27"]
[Site "Internet Chess Club"]
[Date "2005.07.02"]
[Round "3"]
[White "AMAV"]
[Black "searchforbobby1"]
[Result "1/2-1/2"]
[WhiteElo "2001"]
[BlackElo "2133"]
[TimeControl "2700+45"]

1. e4 c5 2. Nf3 Nc6 3. d4 cxd4 4. Nxd4 Nf6 5. Nc3 e5 6. Ndb5 d6 7. Bg5 a6 8. Na3
Be6 9. Nc4 Rc8 10. Bxf6 Qxf6 11. Nb6 Rb8 12. Ncd5 Qd8 13. c3 Be7 14. Bd3 O-O 15.
O-O Bg5 16. b4 Ne7 17. Bc4 Kh8 18. Qd3 Nxd5 19. Nxd5 f5 20. f3 Rc8 21. Bb3 g6
22. Rad1 Bxd5 23. Bxd5 Rc7 24. Kh1 Qe7 25. Bb3 Rf6 26. Qd5 Rc8 27. c4 Be3 28.
Rfe1 Bd4 29. exf5 Qg7 30. fxg6 Rxg6 31. Re2 Rh6 32. Rxd4 exd4 33. Re4 Rg6 34. g3
Rf8 35. f4 d3 36. Qxd3 Qa1+ 37. Kg2 Qb2+ 38. Re2 Qf6 39. Kh1 Qa1+ 40. Bd1 Qg7
41. Re4 Qf6 42. Bc2 Rg7 43. Rd4 Rg6 44. Rd5 Qa1+ 45. Kg2 Rxf4 46. Rxd6 Rf8 47.
Rd8 Qf6 48. Rxf8+ Qxf8 49. Qd4+ Rf6 50. c5 Qe7 51. Bd3 Kg7 52. Qg4+ Kh8 53. Qd4
Kg7 54. Qg4+ Kh8 55. Qd4 Kg7 56. Qe4 Qxe4+ 57. Bxe4 Rf7 58. a4 h6 59. b5 axb5
60. axb5 Kf6 61. b6 Ke5 62. Bf3 Kd4 63. c6 bxc6 64. Bxc6 Rf6 65. b7 Rf8 66. Bd7
Ke3 67. Bc8 Rf2+ 68. Kh3 Rb2 69. Kg4 Ke4 70. h4 Rb5 71. Kh3 Ke5 72. Kg4 Kf6 73.
Kf4 Rb4+ 74. Kf3 Ke5 75. Kg2 Rb2+ 76. Kf3 Rb4 77. Kg2 Rb2+ 78. Kf3 Rb4 79. Kg2
Rb2+ 80. Kf3 Rb4 81. Kg2 {Game drawn by repetition} 1/2-1/2

[Event "Team 45 45 League T27"]
[Site "Internet Chess Club"]
[Date "2005.07.01"]
[Round "3"]
[White "DocHoliday"]
[Black "MiroslavR"]
[Result "1-0"]
[WhiteElo "1930"]
[BlackElo "1991"]
[TimeControl "2700+45"]

1. e4 e6 2. d4 d5 3. Nd2 Nf6 4. e5 Nfd7 5. f4 c5 6. c3 Nc6 7. Ndf3 cxd4 8. cxd4
f6 9. Bd3 fxe5 10. fxe5 Qb6 11. a3 Be7 12. Ne2 O-O 13. Nf4 Na5 14. b4 Nc4 15.
Qc2 Qc6 16. Bxh7+ Kh8 17. Ng6+ Kxh7 18. Nxe7+ {Black resigns} 1-0

[Event "Team 45 45 League T27"]
[Site "Internet Chess Club"]
[Date "2005.07.05"]
[Round "3"]
[White "Squaredance"]
[Black "six-killer"]
[Result "1/2-1/2"]
[WhiteElo "1952"]
[BlackElo "1779"]
[TimeControl "2700+45"]

1. Nf3 Nf6 2. d4 e6 3. e3 c5 4. Bd3 b6 5. c3 Be7 6. Nbd2 O-O 7. O-O Bb7 8. Qe2
d5 9. Ne5 Nbd7 10. f4 Ne4 11. Rf3 f5 12. Rh3 Ndf6 13. Ndf3 Ng4 14. Bxe4 dxe4 15.
Ng5 Bxg5 16. Nxg4 fxg4 17. Qxg4 Qf6 18. Rh5 Bh6 19. dxc5 Qg6 20. h3 Rf5 21. Rxf5
Qxg4 22. hxg4 exf5 23. g5 {Game drawn by mutual agreement} 1/2-1/2

[Event "Team 45 45 League T27"]
[Site "Internet Chess Club"]
[Date "2005.07.03"]
[Round "3"]
[White "kabindra"]
[Black "kingfischer57"]
[Result "0-1"]
[WhiteElo "1775"]
[BlackElo "1801"]
[TimeControl "2700+45"]

1. e4 e6 2. d4 d5 3. Nc3 Bb4 4. e5 c5 5. a3 Bxc3+ 6. bxc3 Qc7 7. Nf3 Ne7 8. a4
Nbc6 9. Bb5 Bd7 10. Bxc6 Bxc6 11. a5 Bb5 12. Ng1 cxd4 13. Qxd4 Qc4 14. Qxc4 Bxc4
15. Ba3 Nc6 16. Bd6 Kd7 17. Kd2 f6 18. f4 fxe5 19. fxe5 Ne7 20. Rb1 Ba6 21. Nf3
Rhf8 22. Rb2 h6 23. Rhb1 Rf7 24. Re1 Rc8 25. h3 Rc4 26. Rb4 Nf5 27. Rxc4 Bxc4
28. Bc5 a6 29. Rb1 Bb5 30. g4 Ng3 31. Ke3 Ne4 32. Bd4 Rxf3+ 33. Kxf3 Nd2+ 34.
Kf4 Nxb1 35. g5 Ke7 36. h4 h5 37. g6 Kf8 38. Kg5 Be2 39. Kf4 Bd1 40. Ke3 Bxc2
41. Ke2 Bxg6 42. Kd1 Kf7 43. Kc1 Na3 44. Kb2 Nc4+ 45. Kb3 Nxa5+ 46. Ka4 Nc6
{White resigns} 0-1